 Dungeon Crawl Stone Soup version 0.19.1-1-g22dce08 (webtiles) character file.

555 theAP the Cudgeler (level 7, -15/45 HPs)
             Began as a Gargoyle Fighter on Jan 3, 2017.
             Was an Initiate of Ru.
             Demolished by an ogre
             ... wielding a +0 giant spiked club
              (19 damage)
             ... on level 4 of the Dungeon.
             The game lasted 00:13:20 (3459 turns).

theAP the Cudgeler (Gargoyle Fighter)               Turns: 3459, Time: 00:13:21

Health: -15/45     AC: 16    Str: 22    XL:     7   Next: 30%
Magic:  7/7        EV:  4    Int:  8    God:    Ru [......]
Gold:   147        SH:  9    Dex:  9    Spells: 0 memorised, 6 levels left

rFire  . . .     SeeInvis .     a - +0 flail
rCold  . . .     Gourm    +     k - +0 plate armour
rNeg   + . .     Faith    .     c - +0 shield
rPois  ∞         Spirit   .     (no helmet)
rElec  +         Reflect  .     (no cloak)
rCorr  .         Harm     .     (no gloves)
MR     .....                    (no boots)
Stlth  ..........               e - amulet of the gourmand
                                (no ring)
                                (no ring)

@: no status effects
A: negative energy resistance 1, electricity resistance, unbreathing,
petrification resistance, rot immunity, no stealth, AC +4
a: Renounce Religion


You were on level 4 of the Dungeon.
You worshipped Ru.
Ru was noncommittal.
You were not hungry.

You visited 1 branch of the dungeon, and saw 4 of its levels.
You also visited: Ossuary.

You collected 147 gold pieces.

Inventory:

Hand Weapons
 a - a +0 flail (weapon)
 n - a +2 dire flail of protection
Armour
 b - a +0 scale mail
 c - a +0 shield (worn)
 k - a +0 plate armour (worn)
Jewellery
 e - an amulet of the gourmand (around neck)
Wands
 r - a wand of iceblast (7/15)
Scrolls
 d - 2 scrolls of immolation {unknown}
 g - 2 scrolls of identify
 i - 2 scrolls of remove curse
 l - 2 scrolls of noise
 m - a scroll of magic mapping {unknown}
 u - a scroll of fog
 v - a scroll of teleportation
Potions
 h - a potion of cancellation {unknown}
 j - a potion of flight {unknown}
 o - a potion of degeneration {unknown}
 q - a potion of mutation
 s - 2 potions of might
 t - a potion of magic {unknown}
Comestibles
 f - 3 bread rations
 p - 3 meat rations


   Skills:
 + Level 5.8 Fighting
 * Level 6.2 Maces & Flails
 - Level 3.4 Armour
 - Level 3.4 Shields


You had 6 spell levels left.
You didn't know any spells.

Dungeon Overview and Level Annotations

Branches:
Dungeon (4/15)
 Temple: D:4-7

Altars:
Gozag
Ru
Trog


Innate Abilities, Weirdness & Mutations

You are resistant to torment.
Your stone body is resilient. (AC +4)
You are immune to poison.
You resist negative energy. (rN+)
You are resistant to electric shocks. (rElec)
You can survive without breathing.
You are immune to petrification.
You are immune to rotting.
You cannot be stealthy.


Message History

Your shield and plate armour prevent you from hitting the ogre.
The ogre is moderately wounded.
The ogre hits you with a giant spiked club!
You sock the ogre!
The ogre is severely wounded.
The ogre hits you with a giant spiked club!
* * * LOW HITPOINT WARNING * * *
You are too injured to fight recklessly!
You are too injured to fight recklessly!
You are too injured to fight recklessly!
Okay, then.
There is an open door here.
There is an open door here.
There is an open door here.
The ogre hits you with a giant spiked club.
* * * LOW HITPOINT WARNING * * *
You hit the ogre but do no damage.
The ogre is heavily wounded.
The ogre hits you with a giant spiked club!!
You die...

.....#########
#................
.....'.......#
#.....###########
.....#######.#
#.....# .....#
#.## ##'####
.....# #..# #.#
###### ##.# #.#
####'## #.#
#.....###.#
#.....O@.)#
#.........#
####.#....#
##..###.#
#.......#
#.......# ########
### #.......#
#......# ..#
#.......# #......#
#.#
####|##.###......#


You could see an ogre.

Vanquished Creatures
  Sigmund (D:4)
  Edmund (D:4)
  A hound (D:4)
  An iguana (D:4)
  A big kobold zombie (Ossuary)
  A hound skeleton (D:4)
  3 mummies
  2 gnolls (D:3)
  3 adders (D:3)
  A shadow imp (D:4)
  An adder skeleton (D:4)
  A worm (D:4)
  2 dart slugs (D:1)
  A leopard gecko (D:3)
  An orc (D:3)
  6 giant cockroaches
  5 goblins
  10 hobgoblins
  15 jackals
  5 quokkas (D:3)
  A ball python (D:4)
  4 bats
  6 frilled lizards
  7 goblin zombies (Ossuary)
  10 hobgoblin zombies
  7 kobolds
  12 kobold zombies
  8 orc zombies (Ossuary)
  4 rats
  A plant (D:3)
122 creatures vanquished.

Notes
Turn   | Place    | Note
-------+----------+-------------------------------------------
     0 | D:1      | theAP the Gargoyle Fighter began the quest for the Orb.
     0 | D:1      | Reached XP level 1. HP: 14/14 MP: 1/1
    81 | D:1      | Reached XP level 2. HP: 10/19 MP: 2/2
   185 | D:1      | You fall through a shaft!
   365 | D:2      | Gained mutation: Your spells are a little easier to cast, but a little less powerful. [potion of mutation]
   365 | D:2      | Gained mutation: You are frail. (-10% HP) [potion of mutation]
   365 | D:2      | Gained mutation: You occasionally shout uncontrollably at your foes. [potion of mutation]
   366 | D:2      | Lost mutation: Your spells are a little easier to cast, but a little less powerful. [potion of cure mutation]
   366 | D:2      | Lost mutation: You are frail. (-10% HP) [potion of cure mutation]
   669 | D:2      | Reached XP level 3. HP: 17/24 MP: 3/3
   880 | D:2      | Found an opulent altar of Gozag.
   902 | D:2      | Found a bloodstained altar of Trog.
   973 | D:2      | Gained mutation: You have sharp toenails. [potion of mutation]
   973 | D:2      | Gained mutation: You are occasionally teleported next to monsters. [potion of mutation]
   973 | D:2      | Gained mutation: You are dopey. (Int -2) [potion of mutation]
  1179 | D:3      | Reached skill level 3 in Maces & Flails
  1206 | D:3      | Reached XP level 4. HP: 29/29 MP: 4/4
  1341 | D:3      | Lost mutation: You have sharp toenails. [potion of cure mutation]
  1341 | D:3      | Lost mutation: You are occasionally teleported next to monsters. [potion of cure mutation]
  1341 | D:3      | Lost mutation: You occasionally shout uncontrollably at your foes. [potion of cure mutation]
  1341 | D:3      | Lost mutation: You are dopey. (Int -2) [potion of cure mutation]
  1753 | D:3      | Reached XP level 5. HP: 34/34 MP: 5/5
  1791 | D:3      | Found a sacrificial altar of Ru.
  1959 | D:3      | Became a worshipper of Ru the Awakened
  2208 | D:4      | Noticed Sigmund
  2315 | D:4      | Found a sand-covered staircase.
  2320 | D:4      | Reached skill level 4 in Maces & Flails
  2332 | Ossuary  | Entered an ossuary
  2697 | Ossuary  | Reached skill level 5 in Fighting
  2811 | Ossuary  | Reached XP level 6. HP: 16/40 MP: 6/6
  2999 | D:4      | Killed Sigmund
  2999 | D:4      | Reached skill level 5 in Maces & Flails
  3004 | D:4      | Gained mutation: You cannot be stealthy. [Ru sacrifice]
  3197 | D:4      | Noticed Edmund
  3246 | D:4      | Killed Edmund
  3246 | D:4      | Reached skill level 6 in Maces & Flails
  3246 | D:4      | Reached XP level 7. HP: 9/45 MP: 7/7
  3459 | D:4      | Demolished by an ogre

Skill      XL: |  1  2  3  4  5  6 |
---------------+-------------------+-----
Fighting       | 4 5 |  5.8
Maces & Flails | 3 4 6 |  6.2
Armour         | |  3.4
Shields        | |  3.4

Action                   |  1- 3 |  4- 6 |  7- 9 || total
-------------------------+-------+-------+-------++-------
Melee: Flail             |   172 |   361 |    25 ||   558
       Kick              |     5 |     1 |       ||     6
Invok: Sacrifice Stealth |       |     1 |       ||     1
  Use: Scroll            |     6 |     1 |       ||     7
       Potion            |     6 |     7 |       ||    13
  Eat: Chunk             |     2 |     3 |       ||     5
       Beef jerky        |       |     1 |       ||     1
       Bread ration      |       |     1 |       ||     1
Armor: Scale mail        |    15 |       |       ||    15
       Plate armour      |   127 |   238 |    13 ||   378
Dodge: Dodged            |    32 |    48 |     5 ||    85
Block: Shield            |   101 |   135 |    13 ||   249
